 Dungeon Sprint DCSS version 0.19.4-9-g45fd643 (webtiles) character file.

14300000 protoss039 the Invulnerable (level 27, -4/273 HPs)
             Began as a Ghoul Wanderer on Feb 21, 2017.
             Was the Champion of Makhleb.
             Slain by a meat beast (13 damage)
             ... in the Dungeon (Sprint VIII: "Arena of Blood").
             The game lasted 00:05:33 (143 turns).

protoss039 the Invulnerable (Ghoul Wanderer)         Turns: 143, Time: 00:05:33

Health: -4/273     AC: 11    Str: 32    XL:     27
Magic:  50/53      EV: 11    Int:  5    God:    Makhleb [******]
Gold:   0          SH:  0    Dex:  7    Spells: 0 memorised, 80 levels left

rFire  . . .     SeeInvis .     m - +∞ Axe of Woe
rCold  + . .     Gourm    .     c - +0 ring mail
rNeg   + + +     Faith    .     (shield currently unavailable)
rPois  ∞         Spirit   .     (no helmet)
rElec  .         Reflect  .     (no cloak)
rCorr  .         Harm     .     (no gloves)
MR     ++...     NoTele   +     (no boots)
Stlth  ++++++++..               (no amulet)
                                o - +200 ring of slaying
                                n - +200 ring of slaying

@: held, rotting, slowed, very slow
A: rotting body, claws 1, carnivore 3, cold resistance 1, negative energy
resistance 3, slow regeneration 1, torment resistance, unbreathing
a: Minor Destruction, Lesser Servant of Makhleb, Major Destruction, Greater
Servant of Makhleb, Renounce Religion


You were in the Dungeon.
You worshipped Makhleb.
Makhleb was exalted by your worship.
You were not hungry.

You visited 1 branch

Inventory:

Hand Weapons
 a - a +2 hand crossbow
 e - a +0 blowgun
 m - the +∞ Axe of Woe (weapon)
   (You found it in the Dungeon)
Missiles
 b - 25 bolts
 d - 10 poisoned needles
Armour
 c - a +0 ring mail (worn)
Jewellery
 n - a +200 ring of slaying (left claw)
 o - a +200 ring of slaying (right claw)
 p - a +250 ring of slaying
Scrolls
 l - a scroll of blinking
Potions
 g - a potion of curing
 h - a potion of heal wounds
 i - a potion of haste
 j - 2 potions of magic
 k - a potion of berserk rage
Comestibles
 f - a meat ration


   Skills:
 O Level 27 Fighting
 O Level 27 Axes
 O Level 27 Crossbows
 O Level 27 Throwing
 O Level 27 Armour
 O Level 27 Dodging
 O Level 27 Stealth
 O Level 27 Unarmed Combat
 O Level 27 Spellcasting
 O Level 27 Invocations
   Level 1.0 Evocations


You had 80 spell levels left.
You didn't know any spells.

Dungeon Overview and Level Annotations

Branches:
Dungeon (1/1)

Altars:
Makhleb

Annotations:
D The Captor


Innate Abilities, Weirdness & Mutations

Your body is rotting away.
You thrive on raw meat.
You are immune to poison.
You have sharp fingernails.
You are carnivorous and can eat meat at any time.
Your flesh is cold resistant. (rC+)
You are immune to negative energy. (rN+++)
You regenerate slowly when monsters are visible.
You are immune to unholy pain and torment.
You can survive without breathing.


Message History

The eight-headed meat hydra bites you.
* * * LOW HITPOINT WARNING * * *
The eight-headed meat hydra bites you!
* * * LOW HITPOINT WARNING * * *
The eight-headed meat hydra bites you but does no damage. x2
The eight-headed meat hydra bites you.
* * * LOW HITPOINT WARNING * * *
The eight-headed meat hydra bites you but does no damage.
The eight-headed meat hydra bites you!
* * * LOW HITPOINT WARNING * * *
The eight-headed meat hydra bites you but does no damage.
The bag of meat is engulfed in roaring flames. x2
The fleshlord casts a spell.
The fleshlord seems to speed up.
The bag of meat is engulfed in roaring flames.
The bag of meat hits you with a +9 war axe.
* * * LOW HITPOINT WARNING * * *
The meat beast is engulfed in roaring flames.
The meat beast bites you!
You die...

.... .... ....
.... .p. ... #..
..# . #.S ..# .
...##%p ..###..
....oLX###.%..p..
....Do@@po)......
..%oW2Do2o)#.....
.....oooo§_# ...
.o...#%o))%#.....
...2..%%_)Dp...o
.o....)###%...M.
..###.% ..###..
.. #.. %.# . #..
..#


You could see 2 meat beasts, a tyrant, a reaper, 3 eight-headed meat hydras, a
scourge, 5 fleshlords, a large abomination, a dread, The Captor and 13 bags of
meat.

Vanquished Creatures
  6 hell knights (D)
  10 hell beasts (D)
  Edmund (D)
  8 greater mummies (D)
  4 great orbs of eyes (D)
  9 wraiths (D)
  Harold (D)
  20 vampire knights (D)
  43 ogres (D)
  7 liches (D)
  8 hydras (D)
  72 orcs (D)
  8 phantoms (D)
  10 hill giants (D)
  7 skeletal warriors (D)
  6 sea snakes (D)
  13 large abominations (D)
  6 small abominations (D)
  12 crawling corpses (D)
251 creatures vanquished.

Vanquished Creatures (others)
  8 crawling corpses (D)
8 creatures vanquished.

Grand Total: 259 creatures vanquished

Notes
Turn   | Place    | Note
-------+----------+-------------------------------------------
     0 | D        | protoss039 the Ghoul Wanderer began the quest for the Orb.
     0 | D        | protoss039 set off with: a +2 hand crossbow, 25 bolts, a +0 ring mail, 10 poisoned needles, a +0 blowgun, a meat ration, a potion of curing, a potion of heal wounds, a potion of haste, 2 potions of magic, a potion of berserk rage, a scroll of blinking
     0 | D        | Reached XP level 1. HP: 17/17 MP: 0/0
     2 | D        | Noticed a bag of meat
     2 | D        | Noticed a bag of meat
     3 | D        | Became a worshipper of Makhleb the Destroyer
     9 | D        | Noticed a bag of meat
     9 | D        | Killed a bag of meat
     9 | D        | Reached XP level 2. HP: 40/40 MP: 1/1
     9 | D        | Reached XP level 3. HP: 47/47 MP: 2/2
     9 | D        | Reached XP level 4. HP: 55/55 MP: 3/3
     9 | D        | Reached XP level 5. HP: 61/61 MP: 4/4
     9 | D        | Reached XP level 6. HP: 68/68 MP: 5/5
     9 | D        | Reached XP level 7. HP: 74/74 MP: 6/6
     9 | D        | Reached XP level 8. HP: 82/82 MP: 7/7
     9 | D        | Reached XP level 9. HP: 89/89 MP: 8/8
     9 | D        | Reached XP level 10. HP: 96/96 MP: 9/9
     9 | D        | Reached XP level 11. HP: 102/102 MP: 10/10
     9 | D        | Reached XP level 12. HP: 110/110 MP: 11/11
    10 | D        | Noticed a bag of meat
    10 | D        | Noticed a meat berserker
    10 | D        | Killed a bag of meat
    10 | D        | Reached * piety under Makhleb
    10 | D        | Reached skill level 5 in Axes
    10 | D        | Reached XP level 13. HP: 112/119 MP: 12/12
    11 | D        | Killed a bag of meat
    11 | D        | Reached XP level 14. HP: 123/130 MP: 13/13
    12 | D        | Noticed a meat berserker
    12 | D        | Killed a meat berserker
    12 | D        | Reached skill level 15 in Fighting
    12 | D        | Reached XP level 15. HP: 134/141 MP: 14/14
    12 | D        | Killed a meat berserker
    12 | D        | Reached ** piety under Makhleb
    12 | D        | Reached skill level 10 in Axes
    12 | D        | Reached XP level 16. HP: 147/155 MP: 15/15
    15 | D        | Noticed a meat berserker
    18 | D        | Killed a meat berserker
    18 | D        | Reached skill level 5 in Throwing
    18 | D        | Reached skill level 27 in Crossbows
    18 | D        | Reached skill level 27 in Armour
    18 | D        | Reached XP level 17. HP: 74/168 MP: 16/16
    18 | D        | Reached *** piety under Makhleb
    19 | D        | Reached XP level 18. HP: 153/190 MP: 17/17
    19 | D        | Reached **** piety under Makhleb
    20 | D        | Noticed a destroyer
    21 | D        | Noticed a meat berserker
    23 | D        | Noticed a meat berserker
    24 | D        | Noticed a meat berserker
    24 | D        | Killed a destroyer
    24 | D        | Reached ***** piety under Makhleb
    24 | D        | Reached skill level 27 in Fighting
    24 | D        | Reached skill level 27 in Axes
    24 | D        | Reached XP level 19. HP: 207/207 MP: 18/18
    25 | D        | Noticed a meat berserker
    26 | D        | Noticed a meat berserker
    26 | D        | Noticed a large bag of meat
    26 | D        | Killed a meat berserker
    27 | D        | Noticed a meat berserker
    27 | D        | Noticed a destroyer
    28 | D        | Noticed a meat berserker
    28 | D        | Noticed a meat berserker
    28 | D        | Killed a meat berserker
    28 | D        | Reached skill level 15 in Dodging
    28 | D        | Reached XP level 20. HP: 216/216 MP: 19/19
    29 | D        | Killed a meat berserker
    29 | D        | Reached skill level 27 in Throwing
    30 | D        | Noticed a destroyer
    30 | D        | Killed a meat berserker
    30 | D        | Reached XP level 21. HP: 224/224 MP: 20/20
    31 | D        | Noticed a meat berserker
    32 | D        | Noticed a meat berserker
    32 | D        | Killed a meat berserker
    32 | D        | Reached skill level 27 in Dodging
    32 | D        | Killed a meat berserker
    32 | D        | Reached ****** piety under Makhleb
    33 | D        | Killed a meat berserker
    33 | D        | Reached skill level 15 in Unarmed Combat
    33 | D        | Reached skill level 15 in Invocations
    33 | D        | Reached XP level 22. HP: 233/233 MP: 20/37
    34 | D        | Reached skill level 15 in Spellcasting
    34 | D        | Killed a destroyer
    34 | D        | Reached XP level 23. HP: 240/240 MP: 20/44
    35 | D        | Reached skill level 27 in Stealth
    35 | D        | Reached skill level 27 in Unarmed Combat
    35 | D        | Reached skill level 27 in Invocations
    35 | D        | Reached XP level 24. HP: 249/249 MP: 20/49
    36 | D        | Noticed a destroyer
    37 | D        | Killed a destroyer
    37 | D        | Reached skill level 27 in Spellcasting
    37 | D        | Reached XP level 25. HP: 257/257 MP: 21/53
    39 | D        | Noticed a destroyer
    40 | D        | Reached XP level 26. HP: 257/266 MP: 21/53
    43 | D        | Noticed a destroyer
    43 | D        | Noticed a destroyer
    44 | D        | Noticed a destroyer
    44 | D        | Reached XP level 27. HP: 273/273 MP: 22/53
    45 | D        | Noticed a destroyer
    46 | D        | Noticed a tyrant
    46 | D        | Noticed a destroyer
    46 | D        | Killed a destroyer
    46 | D        | Killed a tyrant
    48 | D        | Killed a destroyer
    49 | D        | Noticed a destroyer
    50 | D        | Killed a destroyer
    50 | D        | Killed a destroyer
    51 | D        | Killed a destroyer
    54 | D        | Noticed a destroyer
    55 | D        | Killed a destroyer
    56 | D        | Killed a destroyer
    57 | D        | Noticed a destroyer
    58 | D        | Killed a destroyer
    60 | D        | Noticed The Servant
    61 | D        | Noticed an accursed
    61 | D        | Killed a destroyer
    62 | D        | Killed a destroyer
    63 | D        | Noticed a meat beast
    63 | D        | Killed a meat beast
    65 | D        | Noticed a meat beast
    68 | D        | Killed an accursed
    69 | D        | Killed a meat beast
    71 | D        | Killed The Servant
    73 | D        | Noticed a destroyer
    76 | D        | Killed a destroyer
    77 | D        | Noticed a tyrant
    80 | D        | Noticed a meat beast
    80 | D        | Noticed a destroyer
    80 | D        | Killed a meat beast
    83 | D        | Noticed a meat beast
    84 | D        | Noticed a tyrant
    85 | D        | Noticed a destroyer
    85 | D        | Noticed a tyrant
    86 | D        | Killed a meat beast
    86 | D        | Killed a tyrant
    89 | D        | Noticed an accursed
    90 | D        | Killed a destroyer
    90 | D        | Killed a destroyer
    91 | D        | Noticed a dread
    92 | D        | Killed a dread
    94 | D        | Killed a tyrant
    97 | D        | Noticed a tyrant
    97 | D        | Killed a tyrant
    98 | D        | Noticed a destroyer
    98 | D        | Noticed a dread
    99 | D        | Noticed a tyrant
   100 | D        | Noticed a tyrant
   100 | D        | Noticed a meat beast
   100 | D        | Killed a destroyer
   101 | D        | Noticed a dread
   101 | D        | Noticed an accursed
   102 | D        | Noticed an accursed
   104 | D        | Noticed a dread
   104 | D        | Killed a meat beast
   105 | D        | Noticed a dread
   106 | D        | Killed a dread
   106 | D        | Killed a tyrant
   108 | D        | Noticed an accursed
   108 | D        | Noticed a dread
   109 | D        | Killed a tyrant
   111 | D        | Noticed an accursed
   111 | D        | Killed an accursed
   111 | D        | Killed a dread
   112 | D        | Noticed a dread
   112 | D        | Killed a tyrant
   113 | D        | Killed a dread
   114 | D        | Noticed a dread
   115 | D        | Killed an accursed
   115 | D        | Killed an accursed
   116 | D        | Noticed The Defiler
   116 | D        | Noticed an accursed
   117 | D        | Killed an accursed
   118 | D        | Killed a dread
   120 | D        | Killed an accursed
   123 | D        | Noticed a dread
   123 | D        | Killed a dread
   123 | D        | Killed The Defiler
   124 | D        | Noticed a destroyer
   124 | D        | Killed a dread
   125 | D        | Noticed a meat beast
   125 | D        | Noticed a destroyer
   125 | D        | Noticed a fleshlord
   126 | D        | Noticed a meat beast
   126 | D        | Noticed a fleshlord
   126 | D        | Noticed a meat beast
   126 | D        | Killed an accursed
   126 | D        | Killed a destroyer
   126 | D        | Killed a destroyer
   127 | D        | Killed a meat beast
   127 | D        | Killed a dread
   129 | D        | Noticed an accursed
   129 | D        | Noticed a meat beast
   129 | D        | Killed a fleshlord
   129 | D        | Killed a meat beast
   129 | D        | Killed a fleshlord
   129 | D        | Killed a meat beast
   131 | D        | Noticed a meat beast
   131 | D        | Killed a meat beast
   131 | D        | Noticed a fleshlord
   132 | D        | Noticed a fleshlord
   132 | D        | Killed a meat beast
   132 | D        | Noticed a fleshlord
   133 | D        | Noticed a fleshlord
   133 | D        | Killed a dread
   136 | D        | Noticed a destroyer
   137 | D        | Noticed The Captor
   138 | D        | Noticed a fleshlord
   138 | D        | Killed a fleshlord
   138 | D        | Killed a fleshlord
   139 | D        | Killed a fleshlord
   139 | D        | Killed a destroyer
   140 | D        | Noticed a fleshlord
   140 | D        | Noticed a tyrant
   140 | D        | Killed an accursed
   141 | D        | Noticed a meat beast
   141 | D        | Killed a fleshlord
   142 | D        | Noticed a dread
   142 | D        | Noticed a fleshlord
   143 | D        | Noticed a meat beast
   143 | D        | Noticed a fleshlord
   143 | D        | Noticed a fleshlord
   143 | D        | HP: 10/273 [eight-headed meat hydra (7)]
   143 | D        | Slain by a meat beast

Skill      XL: |  1  2  3  4  5  6  7  8  9 10 11 12 13 14 15 16 17 18 19 20 21 22 23 24 |
---------------+-------------------------------------------------------------------------+-----
Fighting       | 11 12 13 15 17 19 23 27 | 27.0
Axes           | 4 5 6 9 10 14 21 27 | 27.0
Crossbows      | 17 19 20 23 24 27 | 27.0
Throwing       | 2 3 4 5 8 19 26 27 | 27.0
Armour         | 17 19 21 23 25 27 | 27.0
Dodging        | 15 25 27 | 27.0
Stealth        | 16 24 27 | 27.0
Unarmed Combat | 15 22 27 | 27.0
Spellcasting   | 12 18 23 27 | 27.0
Invocations    | 15 22 27 | 27.0
Evocations     | |  1.0

Action                   |  1- 3 |  4- 6 |  7- 9 | 10-12 | 13-15 | 16-18 | 19-21 | 22-24 | 25-27 || total
-------------------------+-------+-------+-------+-------+-------+-------+-------+-------+-------++-------
Melee: Executioner's axe |     1 |       |       |     1 |     2 |     5 |     6 |     3 |    83 ||   101
Invok: Greater Servant o |       |       |       |       |       |       |       |       |     7 ||     7
       Major Destruction |       |       |       |       |       |       |       |       |     1 ||     1
 Stab: Distracted        |       |       |       |       |       |       |       |       |     1 ||     1
Armor: Ring mail         |       |       |       |       |       |       |       |       |    18 ||    18
Dodge: Dodged            |       |       |       |       |       |       |       |       |    14 ||    14
